 Dungeon Crawl Stone Soup version 0.23.2-40-g277498a001 (webtiles) character file.

Game seed: 6078920070236529295

5866 Emblim88 the Covert (level 10, -3/71 HPs)
             Began as an Octopode Berserker on Oct 18, 2019.
             Was a High Priest of Trog.
             Slain by an orc wizard
             ... wielding a +0 dagger
              (5 damage)
             ... on level 8 of the Dungeon.
             The game lasted 00:15:43 (7978 turns).

Emblim88 the Covert (Octopode Berserker)            Turns: 7978, Time: 00:15:43

Health: -3/71      AC:  1    Str: 19    XL:     10   Next: 81%
Magic:  12/12      EV: 17    Int: 15    God:    Trog [*****.]
Gold:   345        SH:  0    Dex: 12    Spells: 9/9 levels left

rFire    . . .     SeeInvis .     - Unarmed
rCold    . . .     Gourm    .   (no shield)
rNeg     . . .     Faith    .   (helmet restricted)
rPois    .         Spirit   .   p - amulet of rage
rElec    .         Reflect  .   (no ring)
rCorr    .         Harm     .   (no ring)
MR       .....                  (no ring)
Stlth    ++++++....             (no ring)
HPRegen  0.21/turn              (no ring)
MPRegen  0.13/turn              (no ring)
                                (no ring)
                                (no ring)

@: brilliant, berserk cooldown, starving, hasted, very quick
A: almost no armour, stealthy swim, amphibious, 8 rings, constrict 8, camouflage
1, gelatinous body 1
a: Berserk, Trog's Hand, Brothers in Arms, Renounce Religion, Evoke Berserk Rage


You were on level 8 of the Dungeon.
You worshipped Trog.
Trog was extremely pleased with you.
You were starving.

You visited 1 branch of the dungeon, and saw 8 of its levels.
You also visited: Sewer.

You collected 345 gold pieces.

Inventory:

Hand Weapons
 r - the +5 flail of Hapt {venom, *Slow rPois rN++ Int+4}
   (You found it on level 7 of the Dungeon)

   It poisons the flesh of those it strikes.
   It affects your intelligence (+4).
   It protects you from poison.
   It greatly protects you from negative energy.
   It may slow you when you take damage.
Jewellery
 p - an amulet of rage (around mantle)
Wands
 i - a wand of polymorph (18)
 k - a wand of random effects (14)
Scrolls
 b - 6 scrolls of remove curse
 d - 2 scrolls of enchant weapon
 h - 2 scrolls of amnesia
 l - 3 scrolls of immolation
 m - 2 scrolls of noise
 n - 2 scrolls of teleportation
 o - a scroll of blinking
 t - a scroll of fear {unknown}
 v - a scroll of fog
Potions
 c - 3 potions of flight
 e - a potion of magic
 q - a potion of brilliance
 s - a potion of ambrosia {unknown}
 u - a potion of berserk rage {unknown}
 w - a potion of mutation {unknown}
Comestibles
 a - 16 rations
 g - 2 chunks of flesh


   Skills:
 + Level 7.4 Fighting
 + Level 7.3 Dodging
 * Level 11.3 Stealth
 * Level 9.9 Unarmed Combat
 + Level 2.7 Evocations


You had 9 spell levels left.
You didn't know any spells.
Your spell library was empty.

Dungeon Overview and Level Annotations

Branches:
Dungeon (8/15)             Temple (0/1) D:7
   Lair: D:8-11

Altars:
Hepliaklqana
Ru
Trog
Vehumet
Xom
Yredelemnul
The Shining One

Portals:
Bailey: D:8


Innate Abilities, Weirdness & Mutations

You cannot wear most types of armour.
You are very stealthy in the water. (Stealth+)
You are amphibious.
You can wear up to eight rings at the same time.
You can use your tentacles to constrict eight enemies at once.
Your skin changes colour to match your surroundings (Stealth+).
Your rubbery body absorbs attacks. (AC +1, EV +1)


Message History

Trog accepts your kill. The hungry ghost closely misses you.
Something closely misses you.
You miss something. You squeeze something.
You feel yourself speed up. The hungry ghost hits you.
* * * LOW HITPOINT WARNING * * *
You are starving!
Something hits you but does no damage.
You bludgeon something! You tentacle-slap something.
You closely miss something. You squeeze something. The hungry ghost hits you.
* * * LOW HITPOINT WARNING * * *
You feel somewhat more hungry. Something hits you.
* * * LOW HITPOINT WARNING * * *
It was a potion of brilliance.
You feel clever all of a sudden. The hungry ghost misses you.
You miss something. Your squeeze misses something. Something barely misses you.
You barely miss something. Your squeeze misses something.
The hungry ghost closely misses you. Something hits you.
You die...

#..≈#...#≈....
###########..≈#.∩.#≈.###
.............≈#...#≈.###..
...........÷.≈#####W.....
.............≈≈≈≈))≈.###
...............(†))....#
.............###.##..#.#
.............##W).$.##
.............##.@{.[#
.............##..)..#
.............##.%...#
################....#
######


You could see a hungry ghost.

Vanquished Creatures
  Grinder (D:6)
  Prince Ribbit (D:6)
  A dream sheep (D:7)
  Sigmund (D:2)
  2 wraiths (D:7)
  3 hogs (D:7)
  A wyvern (D:8)
  A yak (D:7)
  A human (D:7)
  Menkaure (D:6)
  2 ice beasts (D:6)
  3 orc warriors
  2 necrophages (D:7)
  A black bear (D:8)
  3 ogres
  2 sky beasts (D:5)
  3 centaurs
  A big kobold (Sewer)
  A gnoll sergeant (D:6)
  4 bullfrogs (D:6)
  3 scorpions
  4 wights (D:6)
  4 howler monkeys
  A bullfrog zombie (D:5)
  2 quasits
  2 crimson imps
  5 human zombies (D:7)
  2 centaur zombies
  A centaur skeleton (D:5)
  4 hounds
  3 orc priests
  Crazy Yiuf (D:7)
  3 bullfrog skeletons
  7 orc wizards
  Natasha (thrice) (D:2)
  3 iguanas
  5 worker ants
  A hound zombie (D:6)
  2 hound skeletons
  3 mummies (D:7)
  Robin (D:2)
  10 gnolls
  A howler monkey skeleton (D:6)
  A worker ant zombie (D:5)
  10 adders
  4 river rats
  A shadow imp (D:5)
  3 oozes
  An adder skeleton (D:4)
  An adder zombie (D:6)
  A worm (D:4)
  2 dart slugs
  6 leopard geckos
  31 orcs
  5 bats
  11 giant cockroaches
  15 goblins
  9 hobgoblins
  8 jackals
  2 quokkas
  2 ball pythons
  6 frilled lizards
  5 kobolds
  2 leopard gecko skeletons
  A leopard gecko zombie (D:6)
  A quokka skeleton (D:6)
  6 rats
240 creatures vanquished.

Vanquished Creatures (others)
  4 dream sheep (D:7)
4 creatures vanquished.

Grand Total: 244 creatures vanquished

Notes
Turn   | Place    | Note
-------+----------+-------------------------------------------
     0 | D:1      | Emblim88 the Octopode Berserker began the quest for the
                  | Orb.
     0 | D:1      | Reached XP level 1. HP: 16/16 MP: 1/1
   110 | D:1      | Reached XP level 2. HP: 20/21 MP: 2/2
   112 | D:1      | Reached skill level 1 in Stealth
   422 | D:1      | Reached XP level 3. HP: 26/26 MP: 3/3
   591 | D:2      | Noticed Natasha
   597 | D:2      | Killed Natasha
   597 | D:2      | Reached skill level 2 in Stealth
   597 | D:2      | Reached XP level 4. HP: 18/31 MP: 4/4
   745 | D:2      | Noticed Natasha
   754 | D:2      | Found a glowing golden altar of the Shining One.
   756 | D:2      | Killed Natasha
  1038 | D:2      | Noticed Natasha
  1044 | D:2      | Killed Natasha
  1044 | D:2      | Reached ** piety under Trog
  1044 | D:2      | Reached XP level 5. HP: 24/36 MP: 5/5
  1050 | D:2      | Noticed Robin
  1382 | D:2      | Killed Robin
  1504 | D:2      | Noticed Sigmund
  1509 | D:2      | Killed Sigmund
  1509 | D:2      | Reached skill level 3 in Stealth
  1509 | D:2      | Reached skill level 5 in Unarmed Combat
  1509 | D:2      | Reached XP level 6. HP: 43/43 MP: 6/6
  1579 | D:2      | Found a sacrificial altar of Ru.
  1580 | D:2      | Found a radiant altar of Vehumet.
  1766 | D:3      | Found a bloodstained altar of Trog.
  1943 | D:3      | Reached skill level 4 in Stealth
  2038 | D:3      | Reached XP level 7. HP: 48/48 MP: 7/7
  2071 | D:3      | Found a hazy altar of Hepliaklqana.
  2114 | D:3      | Reached *** piety under Trog
  3223 | D:5      | Entered Level 5 of the Dungeon
  3413 | D:5      | Reached skill level 5 in Stealth
  3413 | D:5      | Reached XP level 8. HP: 40/54 MP: 8/8
  3417 | D:5      | Found a glowing drain.
  3680 | Sewer    | Entered a sewer
  3694 | Sewer    | Reached skill level 5 in Dodging
  3768 | Sewer    | Reached skill level 5 in Fighting
  3782 | Sewer    | Found a white marble altar of Elyvilon.
  4281 | D:5      | Reached skill level 6 in Stealth
  4303 | D:5      | Reached **** piety under Trog
  4832 | D:5      | Reached XP level 9. HP: 62/62 MP: 9/9
  4844 | D:5      | Reached skill level 7 in Stealth
  5097 | D:6      | Reached skill level 8 in Stealth
  5478 | D:6      | Noticed Grinder
  5487 | D:6      | Killed Grinder
  5634 | D:6      | Noticed Prince Ribbit
  5640 | D:6      | Killed Prince Ribbit
  5640 | D:6      | Reached skill level 9 in Stealth
  5719 | D:6      | Noticed Menkaure
  5726 | D:6      | Killed Menkaure
  5961 | D:6      | Reached XP level 10. HP: 69/69 MP: 10/10
  6238 | D:7      | Reached skill level 10 in Stealth
  6365 | D:7      | Found a staircase to the Ecumenical Temple.
  6377 | D:7      | Found a shimmering altar of Xom.
  6639 | D:7      | Got a warped flail
  6640 | D:7      | Identified the +5 flail of Hapt {venom, *Slow rPois rN++
                  | Int+4} (You found it on level 7 of the Dungeon)
  6978 | D:7      | Reached skill level 1 in Evocations
  7203 | D:7      | Found a runed translucent door.
  7204 | D:7      | Noticed Crazy Yiuf
  7231 | D:7      | Found a basalt altar of Yredelemnul.
  7251 | D:7      | Reached ***** piety under Trog
  7264 | D:7      | HP: 2/71 [wraith (8)]
  7736 | D:7      | Killed Crazy Yiuf
  7765 | D:8      | Reached skill level 11 in Stealth
  7766 | D:8      | Found a flagged portal.
  7975 | D:8      | HP: 2/71 [something (3)]
  7978 | D:8      | Slain by an orc wizard

Skill      XL: |  1  2  3  4  5  6  7  8  9 10 |
---------------+-------------------------------+-----
Stealth        | 1 2 3 4 5 6 9 11 | 11.3
Unarmed Combat | 4 5 6 7 9 |  9.9
Fighting       | 4 5 6 7 |  7.4
Dodging        | 4 5 6 7 |  7.3
Evocations     | 2 |  2.7

Action                   |  1- 3 |  4- 6 |  7- 9 | 10-12 || total
-------------------------+-------+-------+-------+-------++-------
Melee: Unarmed           |    47 |    90 |   277 |   116 ||   530
       Constrict         |    14 |    21 |    67 |    30 ||   132
       Tentacles         |    11 |    23 |    63 |    36 ||   133
       Punch             |     1 |     4 |    17 |    14 ||    36
       Flail             |       |       |       |    36 ||    36
Invok: Berserk           |     1 |     5 |     8 |     5 ||    19
       Trog's Hand       |       |       |     1 |     2 ||     3
Evoke: Wand              |       |       |     1 |       ||     1
  Use: Scroll            |       |       |     9 |       ||     9
       Potion            |       |       |     2 |     8 ||    10
 Stab: Sleeping          |     4 |     1 |    19 |    15 ||    39
       Distracted        |       |     1 |     2 |       ||     3
       Fleeing           |       |       |       |     1 ||     1
  Eat: Chunk             |       |     6 |     9 |     3 ||    18
       Ration            |       |     1 |     3 |     3 ||     7
Armor: Skin              |     3 |     5 |    11 |     8 ||    27
Dodge: Dodged            |    30 |    79 |   169 |   114 ||   392
